 Dungeon Crawl Stone Soup version 0.30-a0-939-gc8157cb160 (webtiles) character file.

Game seed: 9732744667344313138

72 2tousent the Grave Robber (level 4, 0/33 HPs)
             Began as a Demonspawn Necromancer on Mar 25, 2023.
             Slain by Pargi (2 damage)
             ... on level 3 of the Dungeon.
             The game lasted 00:03:45 (3124 turns).

2tousent the Grave Robber (Demonspawn Necromancer)  Turns: 3124, Time: 00:03:45

Health: 0/33       AC:  3    Str: 11    XL:     4   Next: 7%
Magic:  4/7        EV: 12    Int: 16    God:
Gold:   177        SH:  0    Dex: 19    Spells: 2/7 levels left

rFire   . . .      SeeInvis .    h - +4 dagger
rCold   . . .      Faith    .    (no shield)
rNeg    . . .      Spirit   .    a - +0 robe
rPois   .          Reflect  .    (helmet restricted)
rElec   .          Rampage  .    (no cloak)
rCorr   .                        (no gloves)
Will    .....                    o - +0 pair of boots
Stlth   ++                       (no amulet)
HPRegen 0.25/turn                l - +6 ring of dexterity
MPRegen 0.10/turn                (no ring)

@: no status effects
A: horns 1, foul stench 1
a: no special abilities


You were on level 3 of the Dungeon.
You visited 1 branch of the dungeon, and saw 3 of its levels.

You collected 177 gold pieces.

Inventory:

Hand Weapons
 g - a +0 dagger
 h - a +4 dagger (weapon)
Armour
 a - a +0 robe (worn)
 o - a +0 pair of boots (worn)
Jewellery
 e - a ring of ice
 l - a +6 ring of dexterity (left hand)
 q - an amulet of regeneration
Scrolls
 p - a scroll of blinking {unknown}
Potions
 b - a potion of magic
 c - a potion of flight
 d - a potion of ambrosia {unknown}
 f - a potion of curing
 i - a potion of berserk rage {unknown}
 j - a potion of heal wounds {unknown}
 k - a potion of lignification {unknown}
 m - a potion of invisibility {unknown}
 n - a potion of attraction {unknown}


   Skills:
 + Level 1.9 Fighting
 - Level 1.7 Dodging
 - Level 1.7 Stealth
 - Level 2.0 Spellcasting
 * Level 5.7 Necromancy


You had 2 spell levels left.
You knew the following spells:

 Your Spells              Type           Power      Damage    Failure   Level
a - Necrotise             Necr           76%        1d7       1%          1
b - Animate Dead          Necr           19%        N/A       21%         4

Your spell library contained the following spells:

 Spells                   Type           Power      Damage    Failure   Level
 Vampiric Draining        Necr           19%        2d7       6%          3
 Agony                    Necr           19%        N/A       50%         5
 Portal Projectile        Hex/Tloc       2%         N/A       52%         3
 Tukima's Dance           Hex            1%         N/A       52%         3
 Leda's Liquefaction      Hex/Erth       0%         N/A       90%         4
 Blade Hands              Tmut           0%         N/A       99%         5
 Lee's Rapid Deconstruct  Erth           0%         3d4*      99%         5
 Statue Form              Tmut/Erth      0%         N/A       100%        6


Dungeon Overview and Level Annotations

Branches:
Dungeon (3/15)

Altars:
Okawaru
Ru

Annotations:
D:3 Pargi


Innate Abilities, Weirdness & Mutations

You have a pair of small horns on your head.
You may rarely emit foul miasma when damaged in melee.


Message History

Aim: Pargi (moderately wounded, very poisoned, chance to affect: 84%) Pargi barely resists.
It was a potion of curing.
You feel better. Pargi barely misses you. Pargi claws you but does no damage.
Pargi closely misses you. Magic courses through your body. Pargi bites you.
Pargi claws you but does no damage. x2
Unknown command.
You are too injured to fight recklessly!
Casting: Necrotise (safe; 1% risk of failure)
Confirm with . or Enter, or press ? or * to list all spells.
Aiming: Necrotise (safe; 1% risk of failure)
Press: ? - help, Shift-Dir - straight line, f/p - Pargi
Aim: Pargi (moderately wounded, very poisoned, chance to affect: 84%) Pargi barely resists.
Pargi bites you but does no damage. Pargi closely misses you. Pargi claws you.
Unknown command.
Casting: Necrotise (safe; 1% risk of failure)
Confirm with . or Enter, or press ? or * to list all spells.
Aiming: Necrotise (safe; 1% risk of failure)
Press: ? - help, Shift-Dir - straight line, f/p - Pargi
Aim: Pargi (moderately wounded, very poisoned, chance to affect: 84%) Pargi writhes in agony.
Pargi bites you.
* * * LOW HITPOINT WARNING * * *
Pargi closely misses you. Pargi claws you but does no damage.
Unknown command.
Casting: Necrotise (safe; 1% risk of failure)
Confirm with . or Enter, or press ? or * to list all spells.
Aiming: Necrotise (safe; 1% risk of failure)
Press: ? - help, Shift-Dir - straight line, f/p - Pargi
Aim: Pargi (heavily wounded, very poisoned, chance to affect: 84%) Pargi barely resists.
Pargi bites you.
* * * LOW HITPOINT WARNING * * *
Pargi misses you. Pargi claws you but does no damage.
Unknown command.
You feel better. Pargi bites you.
* * * LOW HITPOINT WARNING * * *
You emit a cloud of foul miasma!
Pargi claws you.
* * * LOW HITPOINT WARNING * * *
Pargi claws you.
You die...

#.# #.|#######.#######
#.###..##...........##
#.......#.####.####.##
#####...#.#.......#.##
#...#.#.##.##.#.##
#.#.#.#.#...#.#.##
#.#......._.......
#.#.#.#.#...#.#.#.
#@#.#.#.##.##.#.##
#T#.#.#......)#.#
#.###.####.####.# #.#
#...........# #.#
######.###### ..#
#..##.# ##### ...
#####.# #...### ....
###....# #.##..###
.... ###..##.##


You could see Pargi (poisoned).

Vanquished Creatures
  2 adders (D:2)
  4 dart slugs
  3 ball pythons
  4 endoplasms
  5 giant cockroaches
  5 hobgoblins
  2 jackals (D:2)
  5 kobolds (D:1)
  A quokka (D:2)
  7 bats
  5 rats
43 creatures vanquished.

Vanquished Creatures (collateral kills)
  A goblin (D:1)
1 creature vanquished.

Grand Total: 44 creatures vanquished

Notes
Turn   | Place    | Note
-------+----------+-------------------------------------------
     0 | D:1      | 2tousent the Demonspawn Necromancer began the quest for the
                  | Orb.
     0 | D:1      | Reached XP level 1. HP: 13/13 MP: 3/3
   221 | D:1      | Gained mutation: You have a pair of small horns on your
                  | head. [demonic ancestry]
   221 | D:1      | Reached XP level 2. HP: 3/20 MP: 0/5
   362 | D:1      | Reached skill level 1 in Fighting
   700 | D:1      | Reached skill level 5 in Necromancy
   914 | D:1      | Found a faded altar of an unknown god.
  1186 | D:2      | Gained mutation: You may rarely emit foul miasma when
                  | damaged in melee. [demonic ancestry]
  1186 | D:2      | Reached XP level 3. HP: 26/26 MP: 1/6
  2208 | D:3      | Found an iron altar of Okawaru.
  2335 | D:3      | Found a sacrificial altar of Ru.
  2390 | D:3      | Reached XP level 4. HP: 33/33 MP: 3/7
  2395 | D:3      | Learned a level 4 spell: Animate Dead
  3106 | D:3      | Noticed Pargi
  3123 | D:3      | HP: 1/33 [Pargi (6)]
  3124 | D:3      | Slain by Pargi

Illustrated notes

Levels and vault maps discovered:
D:1:      dpeg_arrival_tiny_a, layout_basic, shapermc_ecumenical_altar_venn
D:2:      layout_basic, kennysheep_generic_room_14
D:3:      layout_loops_ring, mainiacjoe_overflow_24_doors,
          nicolae_ru_sacrificial_ziggurat, grunt_decor_clamped, uniq_pargi

Skill      XL: |  1  2 |
---------------+-------+-----
Fighting       | 1 |  1.9
Necromancy     | 5 |  5.7
Dodging        | |  1.7
Stealth        | |  1.7
Spellcasting   | |  2.0

Action                     |  1- 3 |  4- 6 || total
---------------------------+-------+-------++-------
  Melee: Unarmed           |    11 |       ||    11
         Dagger            |    15 |     2 ||    17
         Headbutt          |     4 |       ||     4
   Cast: Necrotise         |    72 |    20 ||    92
    Use: Scroll            |     3 |       ||     3
         Potion            |       |     3 ||     3
 Armour: Robe              |     5 |    10 ||    15
  Dodge: Dodged            |    16 |    11 ||    27

Table legend: (Time is in decaauts)
 A = Elapsed time spent in this place.
 B = Non-inter-level travel time spent in this place.
 C = Inter-level travel time spent in this place.
 D = Time resting spent in this place.
 E = Time spent auto-exploring this place.
 F = Levels seen in this place.
 G = Mean time per level.
                   A        B        C        D        E       F      G
               +--------+--------+--------+--------+--------+-----+--------+
         Total |   3121 |   3085 |     36 |    350 |   2430 |   3 | 1040.3 |
       Dungeon |   3121 |   3085 |     36 |    350 |   2430 |   3 | 1040.3 |
               +--------+--------+--------+--------+--------+-----+--------+

Top non-repeatable levels by time:
     D:3: 1233 daAuts
     D:1: 1109 daAuts
     D:2: 779 daAuts
